 Dungeon Sprint DCSS version 0.27.1-15-g792fb953b9 (webtiles) character file.

Game seed: 9053792207222505618

150 boopmooplesden the Cruncher (level 8, -4/78 HPs)
             Began as a Minotaur Gladiator on Nov 18, 2021.
             Was a Priest of Okawaru.
             Slain by a naga warlord (30 damage)
             ... in the Dungeon (Sprint VI: "Thunderdome").
             The game lasted 00:03:51 (680 turns).

boopmooplesden the Cruncher (Minotaur Gladiator)     Turns: 680, Time: 00:03:51

Health: -4/78      AC:  6    Str: 24    XL:     8   Next: 49%
Magic:  0/7        EV: 23    Int:  9    God:    Okawaru [***...]
Gold:   231        SH:  0    Dex: 13    Spells: 7/7 levels left

rFire    . . .     SeeInvis +   a - +0 quarterstaff
rCold    + . .     Faith    .   (shield currently unavailable)
rNeg     . . .     Spirit   +   b - +0 leather armour
rPois    .         Reflect  .   c - +0 hat
rElec    .         Harm     .   (no cloak)
rCorr    .         Rampage  .   e - +0 pair of gloves
Will     +....     NoTele   +   (no boots)
Stlth    +++.......             q - amulet "Fat Awoeru" {Spirit Int+4}
HPRegen  0.23/turn              o - ring "Lafafum Bae" {rC+ Will+ Slay+3 SInv}
MPRegen  0.10/turn              p - ring of the Lich-sworn {EV+4 Str+6 Dex-2}

@: lethally poisoned (-4 -> -8), heroic
A: horns 2, retaliatory headbutt
a: Renounce Religion, Heroism


You were in the Dungeon.
You worshipped Okawaru.
Okawaru was most pleased with you.
You visited 1 branch You collected 420 gold pieces.
You spent 189 gold pieces at shops.

Inventory:

Hand Weapons
 a - a +0 quarterstaff (weapon)
Missiles
 d - 2 throwing nets (quivered)
Armour
 b - a +0 leather armour (worn)
 c - a +0 hat (worn)
 e - a +0 pair of gloves (worn)
Jewellery
 o - the ring "Lafafum Bae" (left hand) {rC+ Will+ Slay+3 SInv}
   (You bought it in a shop in the Dungeon)

   [ring of willpower]

   Slay:      It affects your accuracy & damage with ranged weapons and melee
   (+3).
   rC:        It protects you from cold.
   SInv:      It lets you see invisible.
   Will:      It increases your willpower.
 p - the ring of the Lich-sworn (right hand) {EV+4 Str+6 Dex-2}
   (You bought it in a shop in the Dungeon)

   [ring of evasion]

   EV:        It affects your evasion (+4).
   Str:       It affects your strength (+6).
   Dex:       It affects your dexterity (-2).
 q - the amulet "Fat Awoeru" (around neck) {Spirit Int+4}
   (You bought it in a shop in the Dungeon)

   [amulet of guardian spirit]

   It causes incoming damage to be divided between your reserves of health and
   magic.
   Int:       It affects your intelligence (+4).
Wands
 l - a wand of acid (2)
 m - a wand of iceblast (4)
Scrolls
 j - 4 scrolls of blinking
 n - 3 scrolls of fog
Potions
 f - a potion of heal wounds
 g - 4 potions of haste
 h - 2 potions of magic
 i - a potion of berserk rage
 k - a potion of resistance


   Skills:
 + Level 9.2(14.2) Fighting
 + Level 14.1(19.1) Staves
 + Level 5.4(10.4) Throwing
 + Level 8.0(13.0) Armour
 + Level 10.5(15.5) Dodging
 + Level 2.5(7.5) Stealth
 + Level 0.6 Invocations


You had 7 spell levels left.
You didn't know any spells.
Your spell library was empty.

Dungeon Overview and Level Annotations

Branches:
Dungeon (1/1)

Altars:
Cheibriados
Dithmenos
Fedhas
Gozag
Kikubaaqudgha
Makhleb
Okawaru
Qazlal
Ru
Sif Muna
Trog
Uskayaw
Vehumet
Wu Jian
Xom
Yredelemnul
Zin
The Shining One
Beogh
Jiyva
Lugonu

Shops:
D *[??*?*:[((!!!!


Innate Abilities, Weirdness & Mutations

You have a pair of horns on your head.
You reflexively headbutt those who attack you in melee.


Message History

Get ready!
You start resting.
ROUND 5!
BOSS ROUND!
A naga warlord comes into view. It is wielding a +0 long sword.
The naga warlord shouts!
Aiming: Corrosive Bolt
Press: ? - help, Shift-Dir - straight line, f - you That beam is likely to hit you.
Continue anyway?
Okay, then.
Aiming: Corrosive Bolt
Press: ? - help, Shift-Dir - straight line, f - naga warlord
Aim: a naga warlord, wielding a +0 long sword, wearing a +0 robe and wearing a +0 kite shield (75% to hit)
The bolt of acid hits the naga warlord!
The naga warlord is splashed with acid.
The acid corrodes the naga warlord!
The naga warlord is lightly wounded.
Aiming: Corrosive Bolt
Press: ? - help, Shift-Dir - straight line, f/p - naga warlord
Aim: a naga warlord, wielding a +0 long sword, wearing a +0 robe and wearing a +0 kite shield (lightly wounded, covered in acid, 75% to hit)
The bolt of acid hits the naga warlord!
The naga warlord is splashed with acid!
The naga warlord is moderately wounded.
Aiming: Corrosive Bolt
Press: ? - help, Shift-Dir - straight line, f/p - naga warlord
Aim: a naga warlord, wielding a +0 long sword, wearing a +0 robe and wearing a +0 kite shield (moderately wounded, covered in acid, 75% to hit)
The bolt of acid hits the naga warlord!
The naga warlord is splashed with acid.
The naga warlord seems to be corroded for longer.
The naga warlord is heavily wounded.
There's nothing to close nearby.
Aiming: Iceblast
Press: ? - help, Shift-Dir - straight line, f/p - naga warlord
Aim: a naga warlord, wielding a +0 long sword, wearing a +0 robe and wearing a +0 kite shield (heavily wounded, covered in acid)
The mass of ice explodes!
The iceblast engulfs the naga warlord!
The naga warlord is heavily wounded.
The naga warlord spits poison at you. The splash of poison hits you!
You are poisoned.
You gain the combat prowess of a mighty hero.
You feel sick.
You feel sick.
The naga warlord hits you with a +0 long sword!!
You die...

##.___......###......_._∩##
###∩........8.# #.8........∩#
##..........[..###............
#⌠..........###...###.........
#⌠..........# #.<.# #.........
#⌠..........###...###.........
##.............###............
###∩.......N8.# #.8........∩#
##∩_._....@.###......___∩##
######.8.........8.######
#⌠...........⌠#
###.........### #_......._#
#_......._# #_......._#
#∩.......∩# ##∩.....∩##


You could see a naga warlord (catching breath, corroded).

Vanquished Creatures
  2 wraiths (D)
  3 fire elementals (D)
  3 fire bats (D)
  3 scorpions (D)
  2 killer bees (D)
  A wight (D)
  3 adders (D)
  A spectral adder (D)
  2 spectral bats (D)
  2 ball pythons (D)
22 creatures vanquished.

Notes
Turn   | Place    | Note
-------+----------+-------------------------------------------
     0 | D        | boopmooplesden the Minotaur Gladiator began the quest for
                  | the Orb.
     0 | D        | Reached XP level 1. HP: 18/18 MP: 0/0
     0 | D        | Found a viscous altar of Jiyva.
     0 | D        | Found a hide-covered altar of Uskayaw.
     4 | D        | Found a blossoming altar of Fedhas.
     4 | D        | Found a shimmering altar of Xom.
     5 | D        | Found a shadowy altar of Dithmenos.
     5 | D        | Found a bloodstained altar of Trog.
     5 | D        | Round 1.
     6 | D        | Found a glowing golden altar of the Shining One.
     6 | D        | Found Anosh's Weapon Rack.
     6 | D        | Found Esogatapt's Premium Goods.
     7 | D        | Found Nodoxtag's Basic Armour.
     7 | D        | Found Komigh's Miscellaneous Merchandise.
    12 | D        | Found a snail-covered altar of Cheibriados.
    14 | D        | Found a glowing silver altar of Zin.
    15 | D        | Found Jecoxaer's Identification Station.
    16 | D        | Found Fegigah's Advanced Armour.
    16 | D        | Found Biliuw's Jewellery.
    16 | D        | Found a radiant altar of Vehumet.
    16 | D        | Found a stormy altar of Qazlal.
    16 | D        | Found an opulent altar of Gozag.
    20 | D        | Found a burning altar of Makhleb.
    24 | D        | Bought a pitted wooden ring for 45 gold pieces
    24 | D        | Identified the ring "Lafafum Bae" {rC+ Will+ Slay+3 SInv}
                  | (You bought it in a shop in the Dungeon)
    24 | D        | Bought a heavily runed wooden ring for 45 gold pieces
    24 | D        | Identified the ring of the Lich-sworn {EV+4 Str+6 Dex-2}
                  | (You bought it in a shop in the Dungeon)
    24 | D        | Bought a clouded ruby amulet for 45 gold pieces
    24 | D        | Identified the amulet "Fat Awoeru" {Spirit Int+4} (You
                  | bought it in a shop in the Dungeon)
    35 | D        | Found a sacrificial altar of Ru.
    36 | D        | Found an ornate altar of the Wu Jian Council.
    37 | D        | Found Rullow's Magic Scroll Shop.
    38 | D        | Found Ysotseisex's Magic Scroll Shop.
    38 | D        | Found Jeavy's Must-Have Magic.
    39 | D        | Found a corrupted altar of Lugonu.
    39 | D        | Found an iron altar of Okawaru.
    39 | D        | Found Gearph's Staff Store.
    43 | D        | Found an ancient bone altar of Kikubaaqudgha.
    47 | D        | Became a worshipper of Warmaster Okawaru
    52 | D        | Found a shimmering blue altar of Sif Muna.
    52 | D        | Found Cueggiva's Distillery.
    54 | D        | Found Zeoby's Distillery.
    54 | D        | Found Konievic's Bottled Wisdom.
    54 | D        | Found a basalt altar of Yredelemnul.
    54 | D        | Found Ugofeo's Do-It-Yourself Clinic.
   150 | D        | Reached skill level 4 in Staves
   152 | D        | Reached skill level 5 in Staves
   152 | D        | Reached XP level 2. HP: 9/25 MP: 1/1
   181 | D        | Arena points: 12 (+12) [x2]
   182 | D        | Reached skill level 1 in Armour
   182 | D        | Reached skill level 5 in Dodging
   182 | D        | Reached XP level 3. HP: 21/31 MP: 2/2
   200 | D        | Bought a +0 pair of gloves for 54 gold pieces
   205 | D        | Round 2.
   227 | D        | Noticed a killer bee
   233 | D        | Killed a killer bee
   234 | D        | Reached skill level 7 in Staves
   234 | D        | Reached XP level 4. HP: 34/40 MP: 3/3
   260 | D        | Noticed a scorpion
   267 | D        | Killed a scorpion
   267 | D        | Reached * piety under Okawaru
   268 | D        | Reached skill level 8 in Staves
   327 | D        | Reached skill level 9 in Staves
   327 | D        | Reached XP level 5. HP: 43/47 MP: 1/4
   339 | D        | Reached skill level 5 in Fighting
   346 | D        | Reached skill level 10 in Staves
   346 | D        | Reached XP level 6. HP: 41/57 MP: 2/5
   393 | D        | Arena points: 24 (+12) [x1]
   408 | D        | Round 3.
   431 | D        | Noticed a wraith
   438 | D        | Killed a wraith
   439 | D        | Reached skill level 11 in Staves
   439 | D        | Reached skill level 5 in Armour
   481 | D        | Noticed a wraith
   489 | D        | Killed a wraith
   489 | D        | Reached ** piety under Okawaru
   490 | D        | Reached skill level 12 in Staves
   490 | D        | Reached skill level 5 in Throwing
   490 | D        | Reached skill level 1 in Stealth
   490 | D        | Reached XP level 7. HP: 49/66 MP: 3/6
   514 | D        | Arena points: 66 (+42) [x2]
   569 | D        | Round 4.
   572 | D        | Noticed a fire bat
   573 | D        | Noticed a fire bat
   574 | D        | Noticed a fire bat
   575 | D        | Noticed a fire elemental
   579 | D        | Noticed a fire elemental
   584 | D        | Killed a fire elemental
   586 | D        | Killed a fire bat
   587 | D        | Reached skill level 13 in Staves
   587 | D        | Reached skill level 10 in Dodging
   587 | D        | Noticed a fire elemental
   588 | D        | Killed a fire bat
   589 | D        | Reached XP level 8. HP: 28/74 MP: 1/7
   601 | D        | Reached *** piety under Okawaru
   601 | D        | Arena points: 150 (+84) [x3]
   602 | D        | Reached skill level 14 in Staves
   645 | D        | Round 5.
   672 | D        | Noticed a naga warlord
   680 | D        | Slain by a naga warlord

Illustrated notes

Levels and vault maps discovered:
D:        arena_sprint

Skill      XL: |  1  2  3  4  5  6  7  8 |
---------------+-------------------------+-----
Staves         | 5 7 9 10 12 13 14 | 14.1
Dodging        | 4 5 6 7 8 9 10 | 10.5
Fighting       | 3 4 5 7 8 9 |  9.2
Armour         | 1 2 4 5 7 8 |  8.0
Throwing       | 3 4 5 |  5.4
Stealth        | 1 2 |  2.5
Invocations    | |  0.6

Action                   |  1- 3 |  4- 6 |  7- 9 || total
-------------------------+-------+-------+-------++-------
Melee: Quarterstaff      |    20 |    30 |    22 ||    72
       Headbutt          |     2 |     5 |     6 ||    13
Throw: Throwing net      |     2 |       |       ||     2
Invok: Heroism           |       |     1 |     2 ||     3
Evoke: Wand              |       |       |     4 ||     4
  Use: Potion            |     1 |       |     3 ||     4
 Stab: Distracted        |       |     1 |       ||     1
Armor: Leather armour    |     5 |     1 |    10 ||    16
Dodge: Dodged            |    26 |    12 |    26 ||    64
